 Dungeon Crawl Stone Soup version 0.25.0 (webtiles) character file.

Game seed: 1265961929695843683

7 Masnef the Chiller (level 2, 9/19 HPs)
             Began as a Barachi Ice Elementalist on June 8, 2020.
             Quit the game on level 1 of the Dungeon on June 13, 2020.
             The game lasted 00:00:41 (78 turns).

Masnef the Chiller (Barachi Ice Elementalist)         Turns: 78, Time: 00:00:41

Health: 9/19       AC:  2    Str:  9    XL:     2   Next: 0%
Magic:  1/5        EV: 12    Int: 15    God:
Gold:   14         SH:  0    Dex: 12    Spells: 4/5 levels left

rFire    . . .     SeeInvis .   b - +0 hand axe
rCold    . . .     Gourm    .   (no shield)
rNeg     . . .     Faith    .   a - +0 robe
rPois    .         Spirit   .   (no helmet)
rElec    .         Reflect  .   (no cloak)
rCorr    .         Harm     .   (no gloves)
MR       .....                  (no boots)
Stlth    ++........             (no amulet)
HPRegen  0.06/turn              (no ring)
MPRegen  0.09/turn              (no ring)

@: very slightly contaminated, slow
A: +LOS, swims, slowness 1, strong legs 1
a: Hop


You were on level 1 of the Dungeon.
You were not hungry.

You visited 1 branch of the dungeon, and saw 1 of its levels.

You collected 14 gold pieces.

Inventory:

Hand Weapons
 b - a +0 hand axe (weapon)
Armour
 a - a +0 robe (worn)
Comestibles
 c - a ration


   Skills:
 + Level 2.2 Dodging
 + Level 1.7 Stealth
 + Level 2.2 Spellcasting
 + Level 5.2 Ice Magic


You had 4 spell levels left.
You knew the following spells:

 Your Spells              Type           Power        Failure   Level  Hunger
a - Freeze                Ice            ###.         2%          1    #......

Your spell library contained the following spells:

 Spells                   Type           Power        Failure   Level  Hunger
 Frozen Ramparts          Ice            ###...       8%          3    ###....
 Ozocubu's Armour         Chrm/Ice       #.......     22%         3    ###....
 Hailstorm                Conj/Ice       #.......     58%         4    #####..
 Summon Ice Beast         Ice/Summ       #.......     58%         4    #####..


Dungeon Overview and Level Annotations

Branches:
Dungeon (1/15)

Altars:

Annotations:
D:1 1 runed translucent door


Innate Abilities, Weirdness & Mutations

You can be seen from farther away. (+LOS)
You can swim through water.
You cover ground slowly.
You can hop short distances.


Message History

You hit the rat.
You kill the rat!
You hit the rat.
You kill the rat!
The bat hits you but does no damage.
You hit the ball python.
You kill the ball python!
The bat hits you but does no damage. The bat closely misses you.
You hit the bat but do no damage. The bat closely misses you.
The bat barely misses you. The bat hits you but does no damage.
The bat closely misses you.
You hit the bat.
You kill the bat!
You have reached level 2!
Save game and exit?
Level annotation: 1 runed translucent door Welcome back, Masnef the Barachi Ice Elementalist.
Press ? for a list of commands and other information.
Are you sure you want to abandon this character and quit the game? (Confirm with "yes".)

...⌠..#..# #..... ..
###'###..# ##........#.
.........##....... ....
#...#..#....##.#.# ..####
#).###†#..####.#.##......#.#
......[....................#
##.......>####....... .#..#
#..####..)......#.# #....#
###............@†.# #.....#
...#.....#.......##......#
.........#.......#.......#
####.....##.##.††#.......##
#.....#..###..#.......>.
#######.## #..†......... #.
###.$........ ## ##.........
#.........


There were no monsters in sight!

Vanquished Creatures
  A ball python (D:1)
  A hobgoblin (D:1)
  2 kobolds (D:1)
  A bat (D:1)
  2 rats (D:1)
7 creatures vanquished.

Notes
Turn   | Place    | Note
-------+----------+-------------------------------------------
     0 | D:1      | Masnef the Barachi Ice Elementalist began the quest for the
                  | Orb.
     0 | D:1      | Reached XP level 1. HP: 13/13 MP: 3/3
     0 | D:1      | Noticed a jelly
     1 | D:1      | Found a runed translucent door.
    16 | D:1      | Reached skill level 5 in Ice Magic
    77 | D:1      | Reached XP level 2. HP: 9/19 MP: 1/5
    78 | D:1      | Upgraded the game from 0.25-b1-41-g19641232cd to 0.25.0
    78 | D:1      | Quit the game

Illustrated notes

Levels and vault maps discovered:
D:1:      dpeg_arrival_caged_fury, layout_rooms, serial_corexii_hall,
          corexii_hall_statues_u, chequers_hall_statues_corner_a,
          chequers_hall_statues_wall_a, corexii_hall_statues_s,
          ashenzari_altar_1

Skill      XL: |  1 |
---------------+----+-----
Ice Magic      | 5 |  5.2
Dodging        | |  2.2
Stealth        | |  1.7
Spellcasting   | |  2.2

Action                   || total
-------------------------++-------
Melee: Hand axe          ||     4
       Unarmed           ||     4
 Cast: Freeze            ||     4
Armor: Robe              ||     6
Dodge: Dodged            ||    14
